[Event "*** Titled Tuesday Blitz AM"]
[Site "Chess.com"]
[Date "2020.01.07"]
[Round "1"]
[White "zurzan"]
[Black "AminMolaei"]
[Result "0-1"]
[WhiteElo "1950"]
[BlackElo "2538"]
[TimeControl "180+2"]
[EndTime "9:01:42 PST"]
[Termination "AminMolaei won by checkmate"]

1. f4 e5 2. fxe5 d6 3. exd6 Bxd6 4. Nf3 g5 5. g3 g4 6. Nh4 Ne7 7. Bg2 Ng6 8. Nxg6 hxg6 9. d4 Rxh2 10. Kd2 Bxg3 11. Rxh2 Qxd4# 0-1

[Event "*** Titled Tuesday Blitz AM"]
[Site "Chess.com"]
[Date "2020.01.07"]
[Round "1"]
[White "sganerdene"]
[Black "raswi"]
[Result "1-0"]
[WhiteElo "2662"]
[BlackElo "2296"]
[TimeControl "180+2"]
[EndTime "9:02:51 PST"]
[Termination "sganerdene won by resignation"]

1. e4 c5 2. Nf3 Nc6 3. d4 cxd4 4.
Nxd4 Nf6 5. Nc3 e5 6. Ndb5 d6 7.
Bg5 a6 8. Na3 b5 9. Nd5 Be7 10.
Bxf6 Bxf6 11. c4 b4 12. Nc2 a5 13. Qf3 a4 14. Rd1 b3 15. axb3 Rb8 16. b4 Be6 17. b5 Qa5+ 18. Qc3 Qxc3+ 19. Nxc3 Nd4 20. Nxd4 exd4 21.
Nxa4 Ra8 22. b3 Kd7 23. Nb6+ Kc7 24. Nxa8+ Rxa8 25. Bd3 Ra2 1-0

[Event "*** Titled Tuesday Blitz AM"]
[Site "Chess.com"]
[Date "2020.01.07"]
[Round "1"]
[White "VeraNebolsina"]
[Black "MiroVlasenko"]
[Result "0-1"]
[WhiteElo "2337"]
[BlackElo "2707"]
[TimeControl "180+2"]
[EndTime "9:03:02 PST"]
[Termination "MiroVlasenko won by resignation"]

1. e4 Nc6 2. Nf3 d6 3. Bb5 Nf6 4. d3 a6 5. Ba4 g6 6. O-O Bg7 7. c3 O-O 8. Re1 e5 9. Nbd2 Bd7 10. Nf1 Nh5 11. Ng3 Nf4 12. Ne2 g5 13. Ng3 Qf6 14.
Nd2 Nxd3 15. Rf1 Nf4 16. Nc4 b5 0-1

[Event "*** Titled Tuesday Blitz AM"]
[Site "Chess.com"]
[Date "2020.01.07"]
[Round "1"]
[White "FelixJoseYnojosa"]
[Black "SmirnovAlexandrA"]
[Result "1-0"]
[WhiteElo "2613"]
[BlackElo "2211"]
[TimeControl "180+2"]
[EndTime "9:03:03 PST"]
[Termination "FelixJoseYnojosa won by resignation"]

1. e4 c5 2. c3 d6 3. d4 Nf6 4.
Bd3 g6 5. f4 Bg7 6. Nf3 O-O 7.
h3 Nc6 8. d5 Nb8 9. c4 a6 10.
a4 e6 11. O-O exd5 12. exd5 Re8 13. Nc3 Nbd7 14. Qc2 Nf8 15. Bd2 Bd7 16. b3 Nh5 17.
g4 Nf6 18. Rae1 Qc7 19. f5 Rxe1 20. Rxe1 Re8 21. g5 Rxe1+ 22. Bxe1 Nh5 23. f6 Bh8 24. h4 Qd8 25. Qe2 Qe8 26. Qxe8 Bxe8 27. Ne4 Nf4 28. Bf1 Bd7 29. Nxd6 h6 30. Ne5 hxg5 31. hxg5 Nh7 32.
Nxd7 1-0

[Event "*** Titled Tuesday Blitz AM"]
[Site "Chess.com"]
[Date "2020.01.07"]
[Round "1"]
[White "SHIVACalypso"]
[Black "mikhaillushenkov"]
[Result "0-1"]
[WhiteElo "2264"]
[BlackElo "2654"]
[TimeControl "180+2"]
[EndTime "9:03:27 PST"]
[Termination "mikhaillushenkov won by checkmate"]

1. Nf3 d5 2. c4 d4 3. e3 Nc6 4. exd4 Nxd4 5. Nxd4 Qxd4 6. Nc3 c6 7. d3 Nh6 8. Be3 Qd8 9. d4 Nf5 10. Be2 g6 11. Qd2 Bg7 12. O-O-O O-O 13. g4 Nxe3 14.
Qxe3 b5 15. c5 b4 16. Ne4 Be6 17. b3 a5 18. Ng5 Bd5 19. Bf3 a4 20. Bxd5 Qxd5 21.
Kb2 axb3 22. axb3 Qxc5 23. Ne4 Ra2+ 24. Kxa2 Qc2+ 25. Ka1 Ra8# 0-1

[Event "*** Titled Tuesday Blitz AM"]
[Site "Chess.com"]
[Date "2020.01.07"]
[Round "1"]
[White "shyam"]
[Black "manmanlai1"]
[Result "1-0"]
[WhiteElo "2707"]
[BlackElo "2334"]
[TimeControl "180+2"]
[EndTime "9:03:50 PST"]
[Termination "shyam won by resignation"]

1. d4 Nf6 2. Nf3 e6 3. e3 d5 4. Bd3 a6 5. O-O Be7 6. b3 O-O 7. Bb2 b5 8. Nbd2 Nbd7 9. Ne5 Nxe5 10. dxe5 Nd7 11. f4 c5 12. c4 bxc4 13. bxc4 Bb7 14. Qc2 g6 15. cxd5 Bxd5 16. e4 Bc6 17. f5 c4 18.
Bxc4 Nc5 19. f6 1-0

[Event "*** Titled Tuesday Blitz AM"]
[Site "Chess.com"]
[Date "2020.01.07"]
[Round "1"]
[White "Mazanchenko_Dmitry"]
[Black "Kubas1010"]
[Result "0-1"]
[WhiteElo "2223"]
[BlackElo "2614"]
[TimeControl "180+2"]
[EndTime "9:04:00 PST"]
[Termination "Kubas1010 won by checkmate"]

1. e4 e5 2. Nf3 Nc6 3. d4 exd4 4.
Bc4 Nf6 5. e5 Ng4 6. Bxf7+ Kxf7 7. Ng5+ Kg8 8. Qxg4 Nxe5 9. Qxd4 Qf6 10. O-O h6 11. Qd5+ Nf7 12. Nxf7 Qxf7 13. Qd3 d5 14. Nc3 c6 15. Be3 Bf5 16. Qe2 Bd6 17. f4 Re8 18. Qf3 Kh7 19. Rae1 Bxc2 20. f5 Rhf8 21. g4 Qf6 22. Bxa7 Qh4 23. Bf2 Qxh2# 0-1

[Event "*** Titled Tuesday Blitz AM"]
[Site "Chess.com"]
[Date "2020.01.07"]
[Round "1"]
[White "GMBenjaminBok"]
[Black "karinachess1"]
[Result "1-0"]
[WhiteElo "2883"]
[BlackElo "2477"]
[TimeControl "180+2"]
[EndTime "9:04:04 PST"]
[Termination "GMBenjaminBok won by resignation"]

1. Nf3 Nf6 2. c4 g6 3. g3 Bg7 4.
Bg2 O-O 5. O-O d6 6. d4 c6 7.
b3 e5 8. dxe5 dxe5 9. Ba3 Re8 10. Qxd8 Rxd8 11. Nc3 Bf5 12. Rfd1 Rxd1+ 13. Rxd1 Nbd7 14.
Ng5 Bf8 15. Bb2 Re8 16. Nge4 Nxe4 17. Nxe4 Nb6 18. Nf6+ 1-0

[Event "*** Titled Tuesday Blitz AM"]
[Site "Chess.com"]
[Date "2020.01.07"]
[Round "1"]
[White "FairChess_on_YouTube"]
[Black "arminmusovic"]
[Result "1-0"]
[WhiteElo "3000"]
[BlackElo "2520"]
[TimeControl "180+2"]
[EndTime "9:04:24 PST"]
[Termination "FairChess_on_YouTube won by resignation"]

1. d4 d5 2. Nf3 Nf6 3. c4 c5 4.
cxd5 cxd4 5. Qa4+ Qd7 6. Qxd4 Qxd5 7. Nc3 Qxd4 8. Nxd4 a6 9. g3 e5 10. Nc2 Bd7 11. Bg2 Bc6 12. O-O Bxg2 13. Kxg2 h6 14. Ne3 Be7 15. Nf5 g6 16. Nxe7 Kxe7 17. b3 Nc6 18.
Ba3+ Ke6 19. Na4 Nd7 20. Rad1 Nd4 21. Rd2 b5 22. Nc5+ Nxc5 23. Bxc5 Rhd8 24. Rfd1 Nc6 25. Rd6+ Kf5 26. f3 Nd4 27. e4+ Kg5 28. h4+ Kh5 29. Kh3 1-0

[Event "*** Titled Tuesday Blitz AM"]
[Site "Chess.com"]
[Date "2020.01.07"]
[Round "1"]
[White "David_Paravyan"]
[Black "heyiampotato"]
[Result "1-0"]
[WhiteElo "2862"]
[BlackElo "2468"]
[TimeControl "180+2"]
[EndTime "9:04:48 PST"]
[Termination "David_Paravyan won by resignation"]

1. e4 c5 2. Nf3 d6 3. d4 cxd4 4. Nxd4 Nf6 5. Nc3 a6 6. Bd3 e5 7. Nb3 Be7 8. O-O O-O 9. h3 Be6 10. Qf3 Nc6 11. a3 d5 12. exd5 Nxd5 13. Rd1 g6 14. Be4 Nd4 15. Nxd4 Nxc3 16. Nxe6 Qxd1+ 17. Qxd1 Nxd1 18. Nxf8 Bxf8 19. Bf3 1-0

[Event "*** Titled Tuesday Blitz AM"]
[Site "Chess.com"]
[Date "2020.01.07"]
[Round "1"]
[White "SalgadoChess91"]
[Black "Aggressus"]
[Result "1-0"]
[WhiteElo "2716"]
[BlackElo "2344"]
[TimeControl "180+2"]
[EndTime "9:05:00 PST"]
[Termination "SalgadoChess91 won by checkmate"]

1. e4 c5 2. c3 d5 3. exd5 Qxd5 4.
Nf3 Nc6 5. Na3 Bg4 6. Be2 e5 7. d3 Nf6 8. Nc4 h6 9. Ne3 Qe6 10. Nxg4 Nxg4 11. O-O Bd6 12. Qb3 Qxb3 13. axb3 Nf6 14.
Nd2 O-O-O 15. Bf3 Bb8 16. Ne4 Nxe4 17. dxe4 a5 18. Be3 b6 19. Be2 Kb7 20. Bc4 f6 21. Bd5 Kc7 22. Rfc1 Ne7 23. Bc4 Kc6 24. b4 axb4 25.
cxb4 Bd6 26. Ra7 Ra8 27. b5# 1-0

[Event "*** Titled Tuesday Blitz AM"]
[Site "Chess.com"]
[Date "2020.01.07"]
[Round "1"]
[White "GianmarcoVaR"]
[Black "j_coca"]
[Result "1-0"]
[WhiteElo "2576"]
[BlackElo "2143"]
[TimeControl "180+2"]
[EndTime "9:05:01 PST"]
[Termination "GianmarcoVaR won by resignation"]

1. d4 g6 2. c4 Bg7 3. g3 d6 4. Bg2 Nh6 5. Nc3 O-O 6. h4 f6 7. h5 g5 8. e4 Kh8 9. Be3 Nc6 10.
f3 e5 11. d5 Ne7 12. g4 Rg8 13. Nh3 Nf7 14. Nf2 h6 15. Nd3 Bd7 16. b4 c5 17.
bxc5 dxc5 18. Nxc5 Bc8 19. O-O Nd6 20. Qb3 b6 21. Ne6 Bxe6 22. dxe6 Qc8 23. Nd5 Qxe6 24.
Nc7 Qxc4 25. Nxa8 Rxa8 26. Rfd1 Qxb3 27. axb3 Nb5 28. Bf1 Nc3 29. Rd7 Nc6 30. Bxb6 Rb8 31. Bxa7 Rxb3 32. Bc5 Rb8 33. Rc7 Nd4 34. Bxd4 exd4 35.
Raa7 Nb5 36. Rxg7 Nxa7 37. Rxa7 Rb1 38. Rd7 Rd1 39. Kf2 Kg8 40. Ke2 Ra1 41. Rxd4 Kf7 42.
Rd7+ Ke6 43. Rh7 Ke5 44. Kf2 Kf4 45. Rxh6 f5 46. Rf6 Ra2+ 47. Be2 1-0

[Event "*** Titled Tuesday Blitz AM"]
[Site "Chess.com"]
[Date "2020.01.07"]
[Round "1"]
[White "RubensCezila"]
[Black "enzovsky"]
[Result "1-0"]
[WhiteElo "2603"]
[BlackElo "2195"]
[TimeControl "180+2"]
[EndTime "9:05:03 PST"]
[Termination "RubensCezila won by resignation"]

1. d4 Nf6 2. Nf3 g6 3. e3 Bg7 4. Bd3 O-O 5. O-O d6 6. c4 Nbd7 7. Nc3 c5 8. Re1 Re8 9. a3 e5 10. dxe5 Nxe5 11. Nxe5 dxe5 12. Qc2 Be6 13. e4 Qd7 14.
Bg5 h6 15. Bxf6 Bxf6 16. Nd5 Bxd5 17. cxd5 Rac8 18. Qb3 a6 19. a4 Bg7 20. Rec1 f5 21. f3 Rb8 22. Rxc5 Bf8 23. Rc2 b5 24. axb5 axb5 25.
Rc6 b4 26. Rxg6+ Kh7 27. Rc6 1-0

[Event "*** Titled Tuesday Blitz AM"]
[Site "Chess.com"]
[Date "2020.01.07"]
[Round "1"]
[White "Sn00pPawn"]
[Black "Mr_Sinigami"]
[Result "0-1"]
[WhiteElo "1959"]
[BlackElo "2546"]
[TimeControl "180+2"]
[EndTime "9:05:08 PST"]
[Termination "Mr_Sinigami won on time"]

1. d4 Nf6 2. c4 g6 3. Nc3 Bg7 4. e4 d6 5. Nf3 O-O 6. Be2 e5 7.
d5 a5 8. h3 Na6 9. g4 Nc5 10. Qc2 Ne8 11. Bd2 f5 12. gxf5 gxf5 13. O-O-O fxe4 14. Nxe4 Bf5 15. Bd3 Nxd3+ 16. Qxd3 Nf6 17.
Nxf6+ Qxf6 18. Qe3 Bg6 19. Ng5 Qf5 0-1

[Event "*** Titled Tuesday Blitz AM"]
[Site "Chess.com"]
[Date "2020.01.07"]
[Round "1"]
[White "crazy_machine"]
[Black "alex_zapata"]
[Result "1-0"]
[WhiteElo "2675"]
[BlackElo "2303"]
[TimeControl "180+2"]
[EndTime "9:05:10 PST"]
[Termination "crazy_machine won by resignation"]

1. d4 d5 2. Nc3 Nf6 3. Bf4 e6 4. Nb5 Na6 5. e3 Be7 6. Nf3 Ne4 7. Bd3 c6 8. Nc3 Nxc3 9. bxc3 O-O 10. O-O Bd6 11. Ne5 c5 12. Qh5 g6 13. Qh6 c4 14.
Be2 f6 15. Nf3 Bxf4 16. Qxf4 Qc7 17. Qh4 Bd7 18. e4 Bc6 19. e5 Qe7 20. Qh6 Qg7 21. Qxg7+ Kxg7 22. exf6+ Kxf6 23. Ne5 Nb8 24. Bg4 Nd7 25.
Rfe1 Nxe5 26. Rxe5 Bd7 27. Rae1 Rae8 28. f4 Rf7 29.
Bh3 Rfe7 30. g4 Kf7 31. Kf2 Kf6 32. Kg3 Kf7 33. Kh4 h6 34. Kg3 Kg7 35. Bg2 Kf7 36. h4 Bc6 37. h5 gxh5 38. Rxh5 Kg7 39. Reh1 Rh8 40. g5 Ree8 41. Rxh6 Rxh6 42. Rxh6 Rh8 43.
Rxe6 1-0

[Event "*** Titled Tuesday Blitz AM"]
[Site "Chess.com"]
[Date "2020.01.07"]
[Round "1"]
[White "Manukyan_Artak"]
[Black "petrpalachev"]
[Result "0-1"]
[WhiteElo "2444"]
[BlackElo "2829"]
[TimeControl "180+2"]
[EndTime "9:05:16 PST"]
[Termination "petrpalachev won by checkmate"]

1. e4 c6 2. d4 d5 3. e5 Bf5 4.
c4 e6 5. Nc3 dxc4 6. Bxc4 Nd7 7. Nf3 Ne7 8. Nh4 Bg6 9. O-O Nb6 10. Bb3 Nf5 11. Nxf5 Bxf5 12. Qe2 Qxd4 13. Rd1 Qg4 14. f3 Bc5+ 15. Be3 Bxe3+ 16. Qxe3 Qb4 17. g4 Bg6 18. h4 h5 19. Rd4 Qe7 20. g5 O-O 21. Rad1 Nd5 22. Nxd5 cxd5 23. f4 Rfc8 24. Kf2 Bc2 25. R1d2 Bxb3 26. Qxb3 g6 27. Ke3 Rc6 28. Qb4 Qc7 29. Qb3 Rc8 30. Rb4 Rc1 31. Rxb7 Qc5+ 32.
Rd4 Re1+ 33. Kd3 Qc1 34. Rb8 Re3# 0-1

[Event "*** Titled Tuesday Blitz AM"]
[Site "Chess.com"]
[Date "2020.01.07"]
[Round "1"]
[White "Gahan-MG"]
[Black "gmcorrales"]
[Result "0-1"]
[WhiteElo "2465"]
[BlackElo "2860"]
[TimeControl "180+2"]
[EndTime "9:05:17 PST"]
[Termination "gmcorrales won by resignation"]

1. e4 c6 2. d4 d5 3. exd5 cxd5 4.
c4 Nf6 5. Nc3 Nc6 6. Nf3 g6 7.
Qb3 Na5 8. Qb4 Nxc4 9. Bxc4 dxc4 10. Ne5 Bg7 11. Qb5+ Nd7 12. Bf4 O-O 13. Qxc4 Nb6 14. Qc5 Be6 15. Rd1 Rc8 16. Qa3 f6 17. Nf3 Bc4 18.
Qxa7 Ba6 19. Nb5 Bxb5 20. Qxb7 Bc6 21. Qa6 Nd5 22. Be3 Qd7 23. O-O Bb5 0-1

[Event "*** Titled Tuesday Blitz AM"]
[Site "Chess.com"]
[Date "2020.01.07"]
[Round "1"]
[White "Gabrielian_Artur"]
[Black "lucasmito"]
[Result "1-0"]
[WhiteElo "2820"]
[BlackElo "2438"]
[TimeControl "180+2"]
[EndTime "9:05:22 PST"]
[Termination "Gabrielian_Artur won by resignation"]

1. d4 d5 2. c4 dxc4 3. Nf3 Nf6 4. e3 b5 5. b3 e6 6. bxc4 bxc4 7. Bxc4 Be7 8. O-O O-O 9. Nc3 Nbd7 10. e4 Bb7 11.
Re1 Nb6 12. Bd3 c5 13. dxc5 Bxc5 14. Bg5 h6 15. Bh4 g5 16. Bg3 Nh5 17. Rc1 Nxg3 18. hxg3 Qe7 19. Qe2 Rfd8 20. e5 Ba3 21. Rc2 Nd5 22.
Qe4 f5 23. exf6 Nxf6 24. Qg6+ Qg7 25. Nb5 Qxg6 26. Bxg6 Bd5 27. Nxa3 1-0

[Event "*** Titled Tuesday Blitz AM"]
[Site "Chess.com"]
[Date "2020.01.07"]
[Round "1"]
[White "mortngabriel"]
[Black "mouseWLZ"]
[Result "0-1"]
[WhiteElo "2400"]
[BlackElo "2783"]
[TimeControl "180+2"]
[EndTime "9:05:25 PST"]
[Termination "mouseWLZ won on time"]

1. e4 d5 2. exd5 Qxd5 3. Nc3 Qd6 4. d4 c6 5. Nf3 Nf6 6. h3 Bf5 7. Ne5 Nbd7 8. Nc4 Qc7 9. Qf3 Be6 10. Bf4 Qd8 11. O-O-O g6 12. Ne3 Bg7 13. d5 cxd5 14.
Nexd5 Nxd5 15. Nxd5 O-O 16. Nc7 Rc8 17. Qxb7 Bf5 18.
Bd3 Rb8 19. Qc6 Bxb2+ 20. Kd2 Ne5 21. Bxe5 Bxe5 22. Nd5 Rc8 23. Qxc8 Bxc8 0-1

[Event "*** Titled Tuesday Blitz AM"]
[Site "Chess.com"]
[Date "2020.01.07"]
[Round "1"]
[White "wannabe2700"]
[Black "boo786"]
[Result "0-1"]
[WhiteElo "2786"]
[BlackElo "2426"]
[TimeControl "180+2"]
[EndTime "9:05:43 PST"]
[Termination "boo786 won by resignation"]

1. e4 c5 2. Nf3 e6 3. d4 cxd4 4.
Nxd4 Nc6 5. Nc3 Qc7 6. Be3 Nf6 7. f4 Bb4 8. Nb5 Qa5 9. e5 Ne4 10. Qd3 Nxc3 11. bxc3 Be7 12. Be2 O-O 13. O-O f6 14. exf6 Bxf6 15. Nd4 d5 16. Nxc6 bxc6 17. Bd4 Bd7 18. Qe3 Rab8 19. Bd3 c5 20. Bxc5 Qxc3 21. Bxf8 Bd4 22. Bxh7+ Kxh7 0-1

[Event "*** Titled Tuesday Blitz AM"]
[Site "Chess.com"]
[Date "2020.01.07"]
[Round "1"]
[White "Sethu0025"]
[Black "Gogolev_Artemy"]
[Result "1-0"]
[WhiteElo "2805"]
[BlackElo "2414"]
[TimeControl "180+2"]
[EndTime "9:05:45 PST"]
[Termination "Sethu0025 won by resignation"]

1. e4 c5 2. Nf3 Nf6 3. e5 Nd5 4. Nc3 Nxc3 5. dxc3 Nc6 6. Bc4 e6 7. Bf4 Qb6 8. b3 Qc7 9. Qe2 a6 10. Bd3 b5 11. O-O Bb7 12. Rfe1 h6 13. h4 Ne7 14. c4 bxc4 15. bxc4 Nc6 16. c3 Be7 17. h5 Na5 18. Rab1 O-O 19. Qe3 Rfe8 20. Bxh6 Bxf3 21. gxf3 f5 22. Kh1 Kh7 23. Bg5 Qd8 24. Rg1 Bxg5 25. Rxg5 Qe7 26. Rbg1 Rg8 27. f4 Raf8 28. Qh3 d6 29. Rg6 dxe5 30. h6 1-0

[Event "*** Titled Tuesday Blitz AM"]
[Site "Chess.com"]
[Date "2020.01.07"]
[Round "1"]
[White "adriangschnitzer"]
[Black "MikeSailer"]
[Result "0-1"]
[WhiteElo "2549"]
[BlackElo "2115"]
[TimeControl "180+2"]
[EndTime "9:05:46 PST"]
[Termination "MikeSailer won by checkmate"]

1. e4 d5 2. exd5 Qxd5 3. Nc3 Qd6 4. d4 c6 5. Nf3 Nf6 6. Ne5 Nbd7 7. Nc4 Qc7 8. Be2 Nb6 9. O-O Nxc4 10. Bxc4 Bg4 11. f3 Bf5 12. Ne2 e6 13. Bf4 Bd6 14. Bxd6 Qxd6 15. Ng3 Bg6 16. c3 O-O 17. Bd3 Bxd3 18.
Qxd3 c5 19. Rad1 Rfd8 20. Qc2 cxd4 21. Rxd4 Qb6 22. Qf2 Rxd4 23. cxd4 Rc8 24. Ne4 Nd5 25. Nc5 Qb5 26. a4 Qb4 27. Ra1 b6 28. Nd3 Qb3 29. Ne5 Rc2 30. Qh4 Qe3+ 31. Kf1 Qe2+ 32. Kg1 Qxg2# 0-1

[Event "*** Titled Tuesday Blitz AM"]
[Site "Chess.com"]
[Date "2020.01.07"]
[Round "1"]
[White "Ba_clbaf_osed_ingo_3v21"]
[Black "XxPetroffsxX"]
[Result "1-0"]
[WhiteElo "2539"]
[BlackElo "1956"]
[TimeControl "180+2"]
[EndTime "9:05:47 PST"]
[Termination "Ba_clbaf_osed_ingo_3v21 won by resignation"]

1. Nf3 Nf6 2. c4 c5 3. Nc3 Nc6 4.
e3 e6 5. d4 cxd4 6. exd4 d5 7.
c5 Be7 8. Bg5 Ne4 9. Bxe7 Nxe7 10. Qc2 Nxc3 11. Qxc3 O-O 12. Bd3 a5 13. O-O Bd7 14.
b3 b6 15. a3 bxc5 16. dxc5 Nc6 17. b4 axb4 18. axb4 Qc7 19. b5 Rxa1 20. Rxa1 Ne7 21. b6 Qc6 22. Ne5 Qc8 23. Ba6 Qe8 24. Rb1 Nc6 25.
Nxc6 Bxc6 26. b7 Qb8 27. Rb6 d4 28. Qxd4 e5 29. Qd6 Bxb7 30. Qxb8 1-0

[Event "*** Titled Tuesday Blitz AM"]
[Site "Chess.com"]
[Date "2020.01.07"]
[Round "1"]
[White "mishanick"]
[Black "albi1999"]
[Result "1-0"]
[WhiteElo "2963"]
[BlackElo "2517"]
[TimeControl "180+2"]
[EndTime "9:05:48 PST"]
[Termination "mishanick won by resignation"]

1. d4 Nf6 2. c4 e6 3. Nf3 d5 4.
Nc3 c5 5. cxd5 Nxd5 6. e4 Nxc3 7. bxc3 cxd4 8. cxd4 Bb4+ 9. Bd2 Bxd2+ 10. Qxd2 O-O 11. Bc4 Nd7 12. O-O b6 13. Rfe1 Bb7 14. a4 h6 15.
a5 bxa5 16. Rxa5 Nf6 17. Bd3 Qc7 18. h3 Rfd8 19. Rc5 Qe7 20. Qa5 a6 21. Ne5 Rac8 22.
Rxc8 Rxc8 23. Qb6 Qc7 24. Qxc7 Rxc7 25. f3 Nd7 26. Nc4 Kf8 27. Rb1 Ke7 28. Kf2 Bc6 29. Na5 Bb5 30. Bxb5 axb5 31. Rxb5 Rc2+ 32. Kg3 Nf6 33.
h4 Nh5+ 34. Rxh5 1-0

[Event "*** Titled Tuesday Blitz AM"]
[Site "Chess.com"]
[Date "2020.01.07"]
[Round "1"]
[White "Last7Samurai"]
[Black "AquivaRubinstein"]
[Result "1-0"]
[WhiteElo "2834"]
[BlackElo "2450"]
[TimeControl "180+2"]
[EndTime "9:05:51 PST"]
[Termination "Last7Samurai won by resignation"]

1. d4 Nf6 2. Bg5 Ne4 3. h4 h6 4. Bf4 c5 5. dxc5 e6 6. Nd2 Nxd2 7. Qxd2 Bxc5 8. e3 d5 9. O-O-O O-O 10. Nf3 Nc6 11.
g4 Re8 12. g5 e5 13. Bg3 Bg4 14. Be2 e4 15. Nh2 Bxe2 16. Qxe2 Qa5 17. Kb1 h5 18. Qxh5 d4 19. g6 fxg6 20. Qd5+ Kh7 21. h5 Rad8 22. Qf7 gxh5 23. Ng4 1-0

[Event "*** Titled Tuesday Blitz AM"]
[Site "Chess.com"]
[Date "2020.01.07"]
[Round "1"]
[White "TrimitziosP7"]
[Black "Me_ch_an"]
[Result "1-0"]
[WhiteElo "2720"]
[BlackElo "2361"]
[TimeControl "180+2"]
[EndTime "9:05:51 PST"]
[Termination "TrimitziosP7 won by resignation"]

1. Nf3 d5 2. d4 Nf6 3. c4 dxc4 4.
Na3 e6 5. Nxc4 a6 6. g3 b5 7. Nce5 Bb7 8. Bg2 c5 9. O-O Nbd7 10. b3 Be7 11. Bb2 O-O 12. Rc1 Rc8 13. dxc5 Nxc5 14. Qc2 Be4 15. Qd2 Qd5 16. Qe3 Rfd8 17. h3 Qb7 18.
Rfd1 Nd5 19. Qd2 b4 20. Qe1 Nf6 21. Nc4 Bd5 22. Ne3 Be4 23. Bd4 a5 24. Bxc5 Rxd1 25. Qxd1 Bxc5 26. Rxc5 1-0

[Event "*** Titled Tuesday Blitz AM"]
[Site "Chess.com"]
[Date "2020.01.07"]
[Round "1"]
[White "SavelijTartakover"]
[Black "Eliwood44"]
[Result "1-0"]
[WhiteElo "2704"]
[BlackElo "2329"]
[TimeControl "180+2"]
[EndTime "9:05:54 PST"]
[Termination "SavelijTartakover won by resignation"]

1. d4 Nf6 2. c4 e6 3. Nf3 d5 4.
Nc3 Be7 5. Bg5 Nbd7 6. e3 h6 7. Bh4 O-O 8. Qc2 c5 9. cxd5 Nxd5 10. Bxe7 Qxe7 11. Nxd5 exd5 12. dxc5 Nxc5 13. Be2 Ne4 14.
O-O Bg4 15. h3 Bh5 16. Rad1 Rfd8 17. Nd4 Rac8 18. Qb3 Bxe2 19. Nxe2 Nc5 20. Qa3 b6 21. Nf4 Qe5 22. Qxa7 d4 23. Qxb6 Rb8 24. Qa5 Ra8 25. Qd2 dxe3 26. Qxe3 Qxe3 27. fxe3 Rxd1 28. Rxd1 Rxa2 29.
b4 Ne4 30. Rb1 Nc3 31. Rb3 Nd1 32. b5 Ra7 33. b6 Rb7 34. Nd5 f5 35. Kf1 1-0

[Event "*** Titled Tuesday Blitz AM"]
[Site "Chess.com"]
[Date "2020.01.07"]
[Round "1"]
[White "Korchmar_Vasiliy"]
[Black "pedroholly22"]
[Result "1-0"]
[WhiteElo "2757"]
[BlackElo "2390"]
[TimeControl "180+2"]
[EndTime "9:05:59 PST"]
[Termination "Korchmar_Vasiliy won by checkmate"]

1. d4 Nf6 2. c4 c5 3. d5 e6 4. Nc3 exd5 5. cxd5 d6 6. Nf3 g6 7. g3 Bg7 8. Bg2 O-O 9. O-O Re8 10. Bf4 a6 11. a4 Ne4 12. Nxe4 Rxe4 13. Nd2 Rxf4 14.
gxf4 Bxb2 15. Rb1 Bg7 16. Nc4 b5 17. axb5 axb5 18. Rxb5 Ba6 19. Ra5 Bc3 20. Ra3 Bb4 21. Ra2 Bc3 22. Qb3 Bb4 23. Rfa1 Ra7 24. e3 Qe7 25. Na5 Rc7 26. Nc6 Nxc6 27. Rxa6 Nd8 28. Qb2 f6 29. Ra8 Kg7 30. Rb8 Nf7 31. Raa8 Ra7 32.
Rg8+ Kh6 33. Rxa7 Qxa7 34. Qxf6 c4 35. Qh4# 1-0

[Event "*** Titled Tuesday Blitz AM"]
[Site "Chess.com"]
[Date "2020.01.07"]
[Round "1"]
[White "Quiet_Desperation"]
[Black "OK97"]
[Result "0-1"]
[WhiteElo "2467"]
[BlackElo "2865"]
[TimeControl "180+2"]
[EndTime "9:06:09 PST"]
[Termination "OK97 won by resignation"]

1. e4 g6 2. d4 Bg7 3. Nc3 d6 4. Be3 a6 5. f3 b5 6. Qd2 Bb7 7.
O-O-O Nd7 8. g4 h5 9. g5 e6 10. Kb1 Ne7 11. Bd3 c5 12. dxc5 dxc5 13. Bxb5 axb5 14.
Nxb5 Bc6 15. Nd6+ Kf8 16. Nh3 Qb8 17. c3 Qa7 18. a3 Ne5 19. Nf4 Kg8 20. Rhf1 Kh7 21.
Nxh5 gxh5 22. f4 Ng4 23. h3 Nxe3 24. Qxe3 Rhb8 25. Qe2 Ng6 26. f5 Qxa3 27. Qxh5+ Kg8 28. Nc4 0-1

[Event "*** Titled Tuesday Blitz AM"]
[Site "Chess.com"]
[Date "2020.01.07"]
[Round "1"]
[White "Aygehovit1992"]
[Black "Grieve72"]
[Result "0-1"]
[WhiteElo "2598"]
[BlackElo "2269"]
[TimeControl "180+2"]
[EndTime "9:06:11 PST"]
[Termination "Grieve72 won by resignation"]

1. e4 c5 2. Nf3 e6 3. d4 cxd4 4. Nxd4 Nc6 5. Nc3 Qc7 6. Be2 a6 7. O-O Nf6 8. Be3 Bb4 9. f4 Bxc3 10. bxc3 Nxe4 11. Qd3 d5 12. c4 O-O 13. Nxc6 bxc6 14. Bd4 f6 15. Bf3 Nd6 16. Bc5 Rd8 17. cxd5 cxd5 18.
Bf2 a5 19. Bxd5 exd5 20. Qxd5+ Nf7 21. Qxa8 Bb7 22. Qxd8+ Nxd8 23. Rad1 Qc6 24. Rxd8+ Kf7 0-1

[Event "*** Titled Tuesday Blitz AM"]
[Site "Chess.com"]
[Date "2020.01.07"]
[Round "1"]
[White "BestByTestbro"]
[Black "Supernotar"]
[Result "0-1"]
[WhiteElo "2170"]
[BlackElo "2590"]
[TimeControl "180+2"]
[EndTime "9:06:17 PST"]
[Termination "Supernotar won by resignation"]

1. e4 c6 2. d4 d5 3. e5 Bf5 4. Nf3 e6 5. Be2 Nd7 6. O-O a6 7. Nbd2 c5 8. c4 Ne7 9. cxd5 Nxd5 10. Nc4 b5 11. Ne3 N7b6 12. dxc5 Bxc5 13. Nd4 Bg6 14. a4 Nf4 15. Bxb5+ axb5 16. Nxb5 Bd3 17. Re1 Bxb5 18. Qb3 Bxa4 19. Rxa4 Rxa4 20. Rd1 Rd4 21. Qb5+ Nd7 0-1

[Event "*** Titled Tuesday Blitz AM"]
[Site "Chess.com"]
[Date "2020.01.07"]
[Round "1"]
[White "TregubovP"]
[Black "Generalas"]
[Result "0-1"]
[WhiteElo "2550"]
[BlackElo "2207"]
[TimeControl "180+2"]
[EndTime "9:06:19 PST"]
[Termination "Generalas won by resignation"]

1. d4 Nf6 2. c4 c5 3. d5 b5 4. cxb5 a6 5. e3 axb5 6. Bxb5 Bb7 7. Nc3 Qa5 8. Ne2 Nxd5 9. O-O Nc7 10. Bc4 e6 11. e4 Be7 12. Bf4 O-O 13. Bd6 Bxd6 14. Qxd6 Ba6 15. b3 Bxc4 16. bxc4 Ra6 17. Qd3 Nc6 18. Nb5 Ne5 19. Qb3 Nxb5 20. cxb5 c4 21.
Qb2 Nd3 22. Qb1 Rb6 23. a4 d5 24. exd5 exd5 25. Rd1 Rd8 26. Nd4 Rf6 27. Rxd3 cxd3 28. Qxd3 Re8 29. g3 Re1+ 30. Rxe1 Qxe1+ 31. Qf1 Qb4 32. Qa1 h5 33. Nc6 Qc5 34. Qd4 Rxc6 0-1

[Event "*** Titled Tuesday Blitz AM"]
[Site "Chess.com"]
[Date "2020.01.07"]
[Round "1"]
[White "JSMastropiero"]
[Black "Batica1984"]
[Result "0-1"]
[WhiteElo "2409"]
[BlackElo "2791"]
[TimeControl "180+2"]
[EndTime "9:06:21 PST"]
[Termination "Batica1984 won by resignation"]

1. e4 c5 2. Nf3 e6 3. d3 Nc6 4. g3 g6 5. Bg2 Bg7 6. O-O Nge7 7. Re1 d6 8. c3 O-O 9. a3 e5 10. b4 b6 11. Nbd2 h6 12. Nc4 Be6 13. Nfd2 Rc8 14. b5 Nb8 15. Bb2 f5 16. exf5 Nxf5 17. a4 Nd7 18.
Nxd6 Nxd6 19. c4 Nf5 20. Nf3 Nd4 21. Nxd4 cxd4 22. Bxd4 Bxc4 23. dxc4 exd4 24. Qg4 Kh7 25. Be4 Ne5 26. Qe6 Qf6 27. Qxf6 Bxf6 28. Bd5 Nxc4 29. Be6 Rc5 30. Rac1 Nb2 31. Rxc5 bxc5 32. a5 d3 33. b6 axb6 34. axb6 d2 0-1